| TOP OF THE 1ST |
|
Billings Mustangs batting - Pitching for Kingsport Mets : RHP Emanuel Anochondo
|
|
Pitching: RHP Emanuel Anochondo
|
|
|
Batting: RHB Alex Nagera
|
0-0: Swinging Strike 0-1: Foul Ball, location: 2F 0-2: Ball 1-2: Strikes out swinging
|
|
Batting: SHB Gustavo Froio
|
0-0: Ball 1-0: Called Strike 1-1: Called Strike 1-2: Strikes out swinging
|
|
Batting: LHB Clint Hanninen
|
0-0: Ball 1-0: Ball 2-0: Ball 3-0: Base on Balls
|
|
Batting: RHB Juan Oliveros
|
0-0: Called Strike 0-1: SINGLE (Line Drive, 89S, EV 91.9 MPH) Clint Hanninen to second Runner from 2nd tries for 3rd, SAFE, throw by RF made to third
|
|
Batting: SHB Sal Esparza
|
0-0: Called Strike 0-1: Swinging Strike 0-2: Fly out, F7 (Flyball, 7S, EV 85.6 MPH)
|
| Top of the 1st over - 0 runs, 1 hit, 0 errors, 2 left on base; Billings 0 - Kingsport 0 |
| BOTTOM OF THE 1ST |
|
Kingsport Mets batting - Pitching for Billings Mustangs : RHP Ryan Krause
|
|
Pitching: RHP Ryan Krause
|
|
|
Batting: RHB Eric Zylstra
|
0-0: Ball 1-0: Ground out 6-3 (Groundball, 6, EV 81.2 MPH)
|
|
Batting: SHB Josh Thomson
|
0-0: Swinging Strike 0-1: Foul Ball, location: 2F 0-2: Ball 1-2: Ball 2-2: Ground out 4-3 (Groundball, 4, EV 85.6 MPH)
|
|
Batting: RHB Craig Alvarado
|
0-0: Foul Ball, location: 2F 0-1: Foul Ball, location: 2F 0-2: Ball 1-2: Ball 2-2: Fly out, F9 (Flyball, 89M, EV 85.0 MPH)
|
| Bottom of the 1st over - 0 runs, 0 hits, 0 errors, 0 left on base; Billings 0 - Kingsport 0 |
| TOP OF THE 2ND |
|
Billings Mustangs batting - Pitching for Kingsport Mets : RHP Emanuel Anochondo
|
|
Batting: RHB Wayne Watson
|
0-0: Foul Ball, location: 2F 0-1: Foul Ball, location: 2F 0-2: Ball 1-2: Strikes out swinging
|
|
Batting: LHB Mike Becerra
|
0-0: Ball 1-0: Called Strike 1-1: Ground out 3-1 (Groundball, 34S, EV 83.8 MPH)
|
|
Batting: RHB Ruben Cantu
|
0-0: Called Strike 0-1: Called Strike 0-2: Strikes out swinging
|
| Top of the 2nd over - 0 runs, 0 hits, 0 errors, 0 left on base; Billings 0 - Kingsport 0 |
| BOTTOM OF THE 2ND |
|
Kingsport Mets batting - Pitching for Billings Mustangs : RHP Ryan Krause
|
|
Batting: RHB Warren Carmichael
|
0-0: Ball 1-0: Called Strike 1-1: Fly out, F8 (Flyball, 8LS, EV 81.2 MPH)
|
|
Batting: RHB Chris Artz
|
0-0: Foul Ball, location: 2F 0-1: SINGLE (Groundball, 6D, EV 95.0 MPH)
|
|
Batting: RHB Artyom Shavkunov
|
0-0: Ball 1-0: Foul Ball, location: 2F 1-1: Ball 2-1: Fielders Choice at 2nd, 4-6 (Groundball, 34, EV 96.9 MPH)
|
|
Batting: RHB Danny Runberg
|
0-0: Swinging Strike 0-1: Ball 1-1: Ball 2-1: Fly out, F8 (Flyball, 78D, EV 83.8 MPH)
|
| Bottom of the 2nd over - 0 runs, 1 hit, 0 errors, 1 left on base; Billings 0 - Kingsport 0 |
| TOP OF THE 3RD |
|
Billings Mustangs batting - Pitching for Kingsport Mets : RHP Emanuel Anochondo
|
|
Batting: LHB Rodrigo Samano
|
0-0: Ball 1-0: Called Strike 1-1: Swinging Strike 1-2: Ball 2-2: Foul Ball, location: 2F 2-2: Strikes out swinging
|
|
Batting: RHB Alex Nagera
|
0-0: Called Strike 0-1: Ball 1-1: Ground out 1-3 (Groundball, 34S, EV 71.9 MPH)
|
|
Batting: SHB Gustavo Froio
|
0-0: Foul Ball, location: 2F 0-1: Ball 1-1: Ball 2-1: SINGLE (Line Drive, 6MD, EV 93.8 MPH)
|
|
Batting: LHB Clint Hanninen
|
0-0: Called Strike 0-1: Ball 1-1: Called Strike 1-2: Foul Ball, location: 2F 1-2: Foul Ball, location: 2F 1-2: Ball 2-2: Strikes out swinging
|
| Top of the 3rd over - 0 runs, 1 hit, 0 errors, 1 left on base; Billings 0 - Kingsport 0 |
| BOTTOM OF THE 3RD |
|
Kingsport Mets batting - Pitching for Billings Mustangs : RHP Ryan Krause
|
|
Batting: LHB Randolph Brodbeck
|
0-0: Ball 1-0: Foul Ball, location: 2F 1-1: Ball 2-1: Ball 3-1: Called Strike 3-2: Fly out, F6 (Line Drive, 6, EV 65.0 MPH)
|
|
Batting: LHB Rick Vallis
|
0-0: Called Strike 0-1: Swinging Strike 0-2: Strikes out swinging
|
|
Batting: RHB Eric Zylstra
|
0-0: Ball 1-0: Foul Ball, location: 2F 1-1: Foul Ball, location: 2F 1-2: Foul Ball, location: 2F 1-2: Ball 2-2: Ball 3-2: DOUBLE (Line Drive, 9LS, EV 94.4 MPH)
|
|
Batting: SHB Josh Thomson
|
0-0: Ball 1-0: Ball Wild Pitch! Eric Zylstra to third 2-0: Ball 3-0: Base on Balls
|
|
Batting: RHB Craig Alvarado
|
0-0: Ball Passed Ball! Eric Zylstra scores Josh Thomson to second 1-0: Called Strike 1-1: Swinging Strike 1-2: Foul Ball, location: 2F 1-2: Ball 2-2: Ball 3-2: Base on Balls
|
|
Batting: RHB Warren Carmichael
|
0-0: Called Strike 0-1: Ball 1-1: Called Strike 1-2: Ball 2-2: 3-RUN HOME RUN (Line Drive, 89XD, EV 106.2 MPH), Distance : 404 ft
|
|
Batting: RHB Chris Artz
|
0-0: Called Strike 0-1: Ball 1-1: Called Strike 1-2: SINGLE (Groundball, 56S, EV 68.8 MPH) (infield hit)
|
|
Batting: RHB Artyom Shavkunov
|
0-0: SINGLE (Groundball, 56D, EV 101.2 MPH) Chris Artz to second
|
|
Batting: RHB Danny Runberg
|
0-0: Ball 1-0: Ball 2-0: Ball 3-0: Base on Balls Chris Artz to third Artyom Shavkunov to second
|
|
Batting: LHB Randolph Brodbeck
|
0-0: Ball 1-0: Ball 2-0: Called Strike 2-1: Ball 3-1: Single, Error in OF, E9, batter to second base (Groundball, 3D, EV 106.9 MPH) Chris Artz scores Artyom Shavkunov scores Danny Runberg to third
|
|
Batting: LHB Rick Vallis
|
0-0: Foul Ball, location: 2F 0-1: Ball 1-1: Ball 2-1: Ground out 6-3 (Groundball, 6, EV 107.5 MPH)
|
| Bottom of the 3rd over - 6 runs, 5 hits, 1 error, 2 left on base; Billings 0 - Kingsport 6 |
| TOP OF THE 4TH |
|
Billings Mustangs batting - Pitching for Kingsport Mets : RHP Emanuel Anochondo
|
|
Batting: RHB Juan Oliveros
|
0-0: DOUBLE (Groundball, 5L, EV 100.6 MPH)
|
|
Batting: SHB Sal Esparza
|
0-0: Foul Ball, location: 2F 0-1: Ball 1-1: Foul Ball, location: 2F 1-2: Foul Ball, location: 2F 1-2: Ground out 6-3 (Groundball, 6, EV 83.8 MPH)
|
|
Batting: RHB Wayne Watson
|
0-0: Ball Wild Pitch! Juan Oliveros to third 1-0: Called Strike 1-1: Called Strike 1-2: Foul Ball, location: 2F 1-2: Ball 2-2: Foul Ball, location: 2F 2-2: Strikes out swinging
|
|
Batting: LHB Mike Becerra
|
0-0: Ball 1-0: Ball 2-0: Called Strike 2-1: Foul Ball, location: 2F 2-2: Ball 3-2: Base on Balls
|
|
Batting: RHB Ruben Cantu
|
0-0: Called Strike 0-1: Ball 1-1: Swinging Strike 1-2: Ball 2-2: Strikes out swinging
|
| Top of the 4th over - 0 runs, 1 hit, 0 errors, 2 left on base; Billings 0 - Kingsport 6 |
| BOTTOM OF THE 4TH |
|
Kingsport Mets batting - Pitching for Billings Mustangs : RHP Ryan Krause
|
|
Pitching: RHP Roger Whitaker
|
|
|
Batting: RHB Eric Zylstra
|
0-0: Foul Ball, location: 2F 0-1: Ball 1-1: Foul Ball, location: 2F 1-2: Strikes out swinging
|
|
Batting: SHB Josh Thomson
|
0-0: Ground out 4-3 (Groundball, 4, EV 104.4 MPH)
|
|
Batting: RHB Craig Alvarado
|
0-0: Called Strike 0-1: Ball 1-1: Ball 2-1: Ball 3-1: Foul Ball, location: 2F 3-2: Base on Balls
|
|
Batting: RHB Warren Carmichael
|
0-0: Called Strike 0-1: Foul Ball, location: 2F 0-2: Foul Ball, location: 2F 0-2: Foul Ball, location: 2F 0-2: Ball Wild Pitch! Craig Alvarado to second 1-2: Ball 2-2: Ground out 5-3 (Groundball, 56S, EV 88.1 MPH)
|
| Bottom of the 4th over - 0 runs, 0 hits, 0 errors, 1 left on base; Billings 0 - Kingsport 6 |
| TOP OF THE 5TH |
|
Billings Mustangs batting - Pitching for Kingsport Mets : RHP Emanuel Anochondo
|
|
Batting: LHB Rodrigo Samano
|
0-0: Foul Ball, location: 2F 0-1: Foul Ball, location: 2F 0-2: Strikes out swinging
|
|
Batting: RHB Alex Nagera
|
0-0: Called Strike 0-1: Ball 1-1: Swinging Strike 1-2: Ground out U3 (Groundball, 3L, EV 88.1 MPH)
|
|
Batting: SHB Gustavo Froio
|
0-0: Called Strike 0-1: Ball 1-1: Called Strike 1-2: Strikes out swinging
|
| Top of the 5th over - 0 runs, 0 hits, 0 errors, 0 left on base; Billings 0 - Kingsport 6 |
| BOTTOM OF THE 5TH |
|
Kingsport Mets batting - Pitching for Billings Mustangs : RHP Roger Whitaker
|
|
Pitching: LHP Alec Valencia
|
|
|
Batting: RHB Chris Artz
|
0-0: Called Strike 0-1: Called Strike 0-2: Ball 1-2: Strikes out swinging
|
|
Batting: RHB Artyom Shavkunov
|
0-0: Foul Ball, location: 2F 0-1: Ball 1-1: Swinging Strike 1-2: Fly out, F4 (Flyball, 4MD, EV 82.5 MPH)
|
|
Batting: RHB Danny Runberg
|
0-0: Ball 1-0: Ball 2-0: SINGLE (Groundball, 4MD, EV 96.2 MPH)
|
|
Batting: LHB Randolph Brodbeck
|
0-0: Swinging Strike 0-1: Ball 1-1: Called Strike 1-2: Strikes out swinging
|
| Bottom of the 5th over - 0 runs, 1 hit, 0 errors, 1 left on base; Billings 0 - Kingsport 6 |
| TOP OF THE 6TH |
|
Billings Mustangs batting - Pitching for Kingsport Mets : RHP Emanuel Anochondo
|
|
Pitching: RHP Justin Vallis
|
|
|
Batting: LHB Clint Hanninen
|
0-0: Ball 1-0: Foul Ball, location: 2F 1-1: Ball 2-1: Ball 3-1: Foul Ball, location: 2F 3-2: Strikes out swinging
|
|
Batting: RHB Juan Oliveros
|
0-0: SOLO HOME RUN (Flyball, 78XD, EV 99.4 MPH), Distance : 408 ft
|
|
Batting: SHB Sal Esparza
|
0-0: Ground out 6-3 (Groundball, 6M, EV 79.4 MPH)
|
|
Batting: RHB Wayne Watson
|
0-0: Ball 1-0: Foul Ball, location: 2F 1-1: Fly out, F7 (Line Drive, 7S, EV 95.0 MPH)
|
| Top of the 6th over - 1 run, 1 hit, 0 errors, 0 left on base; Billings 1 - Kingsport 6 |
| BOTTOM OF THE 6TH |
|
Kingsport Mets batting - Pitching for Billings Mustangs : LHP Alec Valencia
|
|
Batting: LHB Rick Vallis
|
0-0: Called Strike 0-1: Ball 1-1: Swinging Strike 1-2: Ball 2-2: Foul Ball, location: 2F 2-2: Strikes out swinging
|
|
Pitching: RHP Boboy Cacabelos
|
|
|
Batting: RHB Eric Zylstra
|
0-0: Foul Ball, location: 2F 0-1: Ball 1-1: DOUBLE (Flyball, 8RXD, EV 110.0 MPH)
|
|
Batting: SHB Josh Thomson
|
0-0: Fly out, F8 (Flyball, 8RM, EV 83.8 MPH)
|
|
Batting: RHB Craig Alvarado
|
0-0: Ball 1-0: Ball Wild Pitch! Eric Zylstra to third 2-0: Ball 3-0: Base on Balls
|
|
Batting: RHB Warren Carmichael
|
0-0: Called Strike 0-1: Ball 1-1: Called Strike 1-2: Strikes out swinging
|
| Bottom of the 6th over - 0 runs, 1 hit, 0 errors, 2 left on base; Billings 1 - Kingsport 6 |
| TOP OF THE 7TH |
|
Billings Mustangs batting - Pitching for Kingsport Mets : RHP Justin Vallis
|
|
Batting: LHB Mike Becerra
|
0-0: Called Strike 0-1: Called Strike 0-2: Strikes out swinging
|
|
Batting: RHB Ruben Cantu
|
0-0: SINGLE (Groundball, 6MD, EV 102.5 MPH)
|
|
Batting: LHB Rodrigo Samano
|
0-0: Called Strike 0-1: Reached on error, E3 (Groundball, 3, EV 98.8 MPH) Ruben Cantu to second
|
|
Batting: RHB Alex Nagera
|
0-0: Fly out, F8 (Flyball, 89M, EV 91.2 MPH)
|
|
Batting: SHB Gustavo Froio
|
0-0: Ball 1-0: Ball 2-0: 3-RUN HOME RUN (Flyball, 9D, EV 99.4 MPH), Distance : 370 ft
|
|
Pitching: LHP Antonio Davila
|
|
|
Batting: LHB Clint Hanninen
|
0-0: Called Strike 0-1: Ball 1-1: Ground out U3 (Groundball, 34S, EV 80.0 MPH)
|
| Top of the 7th over - 3 runs, 2 hits, 1 error, 0 left on base; Billings 4 - Kingsport 6 |
| BOTTOM OF THE 7TH |
|
Kingsport Mets batting - Pitching for Billings Mustangs : RHP Boboy Cacabelos
|
|
Batting: RHB Chris Artz
|
0-0: Called Strike 0-1: Ball 1-1: Ball 2-1: Called Strike 2-2: Strikes out swinging
|
|
Batting: RHB Artyom Shavkunov
|
0-0: Ball 1-0: SINGLE (Line Drive, 9LS, EV 100.6 MPH)
|
|
Pitching: RHP Cortez Restrepo
|
|
|
Batting: RHB Danny Runberg
|
0-0: Swinging Strike 0-1: Swinging Strike 0-2: Strikes out swinging
|
|
Batting: LHB Randolph Brodbeck
|
0-0: Ball 1-0: Ball 2-0: Ball Wild Pitch! Artyom Shavkunov to second 3-0: Base on Balls
|
|
Batting: LHB Rick Vallis
|
0-0: Called Strike 0-1: Ball 1-1: Fly out, F8 (Flyball, 8LD, EV 103.1 MPH)
|
| Bottom of the 7th over - 0 runs, 1 hit, 0 errors, 2 left on base; Billings 4 - Kingsport 6 |
| TOP OF THE 8TH |
|
Billings Mustangs batting - Pitching for Kingsport Mets : LHP Antonio Davila
|
|
Pitching: RHP Sandro Fibonacci
|
|
|
Batting: RHB Juan Oliveros
|
0-0: Ball 1-0: Swinging Strike 1-1: Called Strike 1-2: Ball 2-2: Ball 3-2: Foul Ball, location: 2F 3-2: Foul Ball, location: 2F 3-2: Base on Balls
|
|
Batting: SHB Sal Esparza
|
0-0: Ball 1-0: Called Strike 1-1: Ball 2-1: Foul Ball, location: 2F 2-2: Grounds into double play, 6-4-3 (Groundball, 6M, EV 81.2 MPH)
|
|
Batting: RHB Wayne Watson
|
0-0: Called Strike 0-1: Swinging Strike 0-2: Strikes out looking
|
| Top of the 8th over - 0 runs, 0 hits, 0 errors, 0 left on base; Billings 4 - Kingsport 6 |
| BOTTOM OF THE 8TH |
|
Kingsport Mets batting - Pitching for Billings Mustangs : RHP Cortez Restrepo
|
|
Batting: RHB Eric Zylstra
|
0-0: Called Strike 0-1: SINGLE (Line Drive, 78M, EV 96.2 MPH)
|
|
Batting: SHB Josh Thomson
|
0-0: Ball 1-0: Called Strike Eric Zylstra is caught stealing 2nd base 2-6 1-1: Swinging Strike 1-2: SINGLE (Line Drive, 6M, EV 105.0 MPH)
|
|
Batting: RHB Craig Alvarado
|
0-0: Ball 1-0: Called Strike 1-1: Swinging Strike 1-2: Ball 2-2: SINGLE (Groundball, 6D, EV 103.8 MPH) Josh Thomson to second
|
|
Pitching: RHP Jeff Buchanan
|
|
|
Batting: RHB Warren Carmichael
|
0-0: Called Strike 0-1: Foul Ball, location: 2F 0-2: SINGLE (Groundball, 34D, EV 109.4 MPH) Josh Thomson to third Craig Alvarado to second
|
|
Batting: RHB Chris Artz
|
0-0: Ball 1-0: Called Strike 1-1: Ball 2-1: Ball 3-1: Foul Ball, location: 2F 3-2: Base on Balls Josh Thomson scores Craig Alvarado to third Warren Carmichael to second
|
|
Batting: RHB Artyom Shavkunov
|
0-0: Called Strike 0-1: Swinging Strike 0-2: Ball 1-2: Ball 2-2: Foul Ball, location: 2F 2-2: Ball 3-2: Base on Balls Craig Alvarado scores Warren Carmichael to third Chris Artz to second
|
|
Batting: RHB Danny Runberg
|
0-0: Hit by Pitch Warren Carmichael scores Chris Artz to third Artyom Shavkunov to second
|
|
Batting: LHB Randolph Brodbeck
|
0-0: Foul Ball, location: 2F 0-1: Called Strike 0-2: Ball 1-2: Foul Ball, location: 2F 1-2: Strikes out swinging
|
|
Pitching: RHP Josh Early
|
|
|
Batting: LHB Rick Vallis
|
0-0: Ball 1-0: Ball 2-0: Called Strike 2-1: DOUBLE (Flyball, 8RXD, EV 105.0 MPH) Chris Artz scores Artyom Shavkunov scores Danny Runberg to third Runner from 3rd tries for Home, SAFE, throw by CF to trailing runner, SAFE at third!
|
|
Batting: RHB Eric Zylstra
|
0-0: Ball 1-0: Ball 2-0: 2-RUN HOME RUN (Flyball, 9D, EV 95.0 MPH), Distance : 378 ft
|
|
Batting: SHB Josh Thomson
|
0-0: DOUBLE (Line Drive, 7LM, EV 109.4 MPH)
|
|
Batting: RHB Craig Alvarado
|
0-0: Ball 1-0: 2-RUN HOME RUN (Flyball, 78XD, EV 99.4 MPH), Distance : 405 ft
|
|
Pitching: RHP Rich Vanegas
|
|
|
Batting: RHB Warren Carmichael
|
0-0: Called Strike 0-1: Called Strike 0-2: Fly out, F8 (Flyball, 8LXD, EV 96.9 MPH)
|
| Bottom of the 8th over - 10 runs, 8 hits, 0 errors, 0 left on base; Billings 4 - Kingsport 16 |
| TOP OF THE 9TH |
|
Billings Mustangs batting - Pitching for Kingsport Mets : RHP Sandro Fibonacci
|
|
Batting: LHB Mike Becerra
|
0-0: Ball 1-0: Ball 2-0: Ground out 4-3 (Groundball, 4, EV 108.8 MPH)
|
|
Batting: RHB Ruben Cantu
|
0-0: Ball 1-0: Ball 2-0: Ground out 3-1 (Groundball, 34, EV 88.1 MPH)
|
|
Pinch Hitting: RHB Declan Eichele
|
0-0: Called Strike 0-1: Ball 1-1: Ball 2-1: Called Strike 2-2: Fly out, F9 (Flyball, 89D, EV 100.6 MPH)
|
| Top of the 9th over - 0 runs, 0 hits, 0 errors, 0 left on base; Billings 4 - Kingsport 16 |
|